 Dungeon Sprint DCSS version 0.21.0-24-g2553a33 (webtiles) character file.

3479 letownia2 the Grappler (level 9, -2/144 (145) HPs)
             Began as a Troll Wizard on Jan 20, 2018.
             Was an Initiate of Gozag.
             Slain by a sun demon (25 damage)
             ... summoned by a deep elf mage
             ... in the Dungeon (Sprint III: "The Ten Rune Challenge").
             The game lasted 00:05:49 (739 turns).

letownia2 the Grappler (Troll Wizard)                Turns: 739, Time: 00:05:49

HP:   -2/144 (145)  AC: 25    Str: 22    XL:     9   Next: 79%
MP:   11/19         EV:  8    Int: 20    God:    Gozag
Gold: 296           SH:  0    Dex:  6    Spells: 10/21 levels left

rFire    x . .     SeeInvis .     - Unarmed
rCold    + + .     Gourm    +   (no shield)
rNeg     . . .     Faith    .   r - +11 ice dragon scales "Juilaafaif" {*Drain rElec rF- rC++ Int+3}
rPois    .         Spirit   .   b - +0 hat
rElec    +         Reflect  .   (no cloak)
rCorr    .         Harm     .   (gloves unavailable)
MR       .....     NoTele   +   (boots unavailable)
Stlth    ..........             (no amulet)
HPRegen  0.74/turn              (no ring)
MPRegen  0.16/turn              (no ring)

@: berserking (expiring), gold aura, very slightly contaminated, very quick
A: large, unfitting armour, claws 3, clumsy 1, fast metabolism 3, gourmand, high
mp 1, regeneration 1, robust 1, shaggy fur 1, tough skin 2, wild magic 1
a: Potion Petition, Call Merchant, Bribe Branch, Renounce Religion


You were in the Dungeon.
You worshipped Gozag.
Gozag was aware of your devotion.
You were not hungry.

You visited 1 branch You collected 5375 gold pieces.
You spent 1755 gold pieces at shops.
You paid 3324 gold pieces to Gozag.

Inventory:

Armour
 a - a +0 robe
 b - a +0 hat (worn)
 r - the +11 ice dragon scales "Juilaafaif" (worn) {*Drain rElec rF- rC++ Int+3}
   (You bought it in a shop in the Dungeon)

   It affects your intelligence (+3).
   It makes you vulnerable to fire.
   It greatly protects you from cold.
   It insulates you from electricity.
   It causes draining when unequipped.
Wands
 p - a wand of flame (18)
Scrolls
 j - a scroll of blinking
 k - 2 scrolls of immolation {unknown}
 l - 3 scrolls of identify
 m - 2 scrolls of fog {unknown}
Potions
 e - a potion of curing
 f - 2 potions of heal wounds
 g - a potion of haste
 h - 2 potions of magic
 n - 6 potions of mutation
Books
 c - a book of Minor Magic

   Spells                             Type                      Level
   a - Magic Dart                     Conjuration                  1
   b - Blink                          Translocation                2
   c - Call Imp                       Summoning                    2
   d - Slow                           Hexes                        2
   e - Conjure Flame                  Conjuration/Fire             3
   f - Mephitic Cloud                 Conjuration/Poison/Air       3
 q - a book of Cantrips

   Spells                             Type                      Level
   a - Confusing Touch                Hexes                        1
   b - Animate Skeleton               Necromancy                   1
   c - Summon Small Mammal            Summoning                    1
   d - Apportation                    Translocation                1
Miscellaneous
 o - a lamp of fire
Comestibles
 d - 5 rations


   Skills:
 - Level 5.9 Fighting
 + Level 5.8 Armour
 - Level 3.5 Dodging
 - Level 1.0 Stealth
 - Level 12.4 Unarmed Combat
 + Level 6.5 Spellcasting
 - Level 5.1 Conjurations
 - Level 2.7 Hexes
   Level 0.6 Summonings
 - Level 2.9 Translocations
 - Level 3.8 Fire Magic
 - Level 3.3 Air Magic
 - Level 3.7 Poison Magic


You had 10 spell levels left.
You knew the following spells:

 Your Spells              Type           Power        Failure   Level  Hunger
a - Magic Dart            Conj           ####         6%          1    None
b - Blink                 Tloc           N/A          19%         2    None
c - Conjure Flame         Conj/Fire      ####....     21%         3    #......
d - Confusing Touch       Hex            ###...       14%         1    None
e - Mephitic Cloud        Conj/Pois/Air  ####....     22%         3    #......
f - Apportation           Tloc           ###...       13%         1    None


Dungeon Overview and Level Annotations

Branches:
Dungeon (1/1)

Altars:
Cheibriados
Dithmenos
Elyvilon
Fedhas
Gozag
Hepliaklqana
Kikubaaqudgha
Makhleb
Nemelex Xobeh
Okawaru
Qazlal
Ru
Sif Muna
Trog
Uskayaw
Vehumet
Wu Jian
Xom
Yredelemnul
Zin
The Shining One
Beogh
Jiyva
Lugonu

Shops:
D [[[[}


Innate Abilities, Weirdness & Mutations

You are too large for most types of armour.
You have claws for hands.
Your metabolism is lightning-fast.
You like to eat raw meat.
Your natural rate of healing is unusually fast.
You are covered in fur. (AC +1)
You have very tough skin. (AC +2)
You are clumsy. (Dex -2)
You have an increased reservoir of magic. (+10% MP)
You are robust. (+10% HP)
Your spells are a little harder to cast, but a little more powerful.


Message History

You closely miss the deep elf mage. Your claw misses the deep elf mage.
The deep elf mage is lightly wounded.
Unknown command.
Unknown command.
Unknown command.
You claw the deep elf mage!
The deep elf mage is moderately wounded.
The neqoxec hits you but does no damage.
The sun demon hits you.
You are engulfed in flames!!
The fire burns you terribly!
* * * LOW HITPOINT WARNING * * *
The deep elf mage hits you but does no damage.
Unknown command.
You miss the deep elf mage.
The deep elf mage is moderately wounded.
The sun demon hits you!
* * * LOW HITPOINT WARNING * * *
You are engulfed in flames!!
The fire burns you terribly!
You die...
Your body crumbles into a pile of gold.

▓▓▓▓▓▓ #####.##.##
##########
_#__#...#.###..e3#e..# $
.#._#.........##@#...#
##)##...∩.....##3#...≈≈≈
....#[[.∩∩∩..#.#.#...##≈
....#.###.∩##..#.'...# $
###'#)# ##############
#...#)##### #...#))§§≈+
#...#)#§§≈# #...')#§§§#


You could see a sun demon, 2 deep elf magi and a neqoxec.

Vanquished Creatures
  Snorg (D)
  A deep elf knight (D)
  3 deep elf magi (D)
  A shadow (D)
  A spatial vortex (D)
  An orc warrior (D)
  A necrophage (D)
  A water elemental (D)
  A jelly (D)
  3 orc wizards (D)
  3 orc priests (D)
  A wizard (D)
  Jessica (D)
  A necromancer (D)
  3 humans (D)
  A kobold demonologist (D)
  2 oozes (D)
  A phantom (D)
  11 orcs (D)
  A rat (D)
39 creatures vanquished.

Vanquished Creatures (others)
  2 draconian scorchers (D)
  6 hellions (D)
  A yaktaur (D)
9 creatures vanquished.

Grand Total: 48 creatures vanquished

Notes
Turn   | Place    | Note
-------+----------+-------------------------------------------
     0 | D        | letownia2 the Troll Wizard began the quest for the Orb.
     0 | D        | Reached XP level 1. HP: 16/16 MP: 2/2
     8 | D        | Reached skill level 1 in Fighting
     8 | D        | Reached skill level 2 in Unarmed Combat
    11 | D        | Reached skill level 3 in Unarmed Combat
    11 | D        | Reached XP level 2. HP: 20/28 MP: 4/4
    16 | D        | Noticed Jessica
    21 | D        | Killed Jessica
    21 | D        | Reached skill level 5 in Unarmed Combat
    21 | D        | Reached XP level 3. HP: 31/35 MP: 5/5
    31 | D        | Learned a level 3 spell: Mephitic Cloud
    35 | D        | Learned a level 3 spell: Conjure Flame
    83 | D        | Reached skill level 1 in Conjurations
   101 | D        | Killed a hellion
   107 | D        | Killed a yaktaur
   109 | D        | Reached skill level 1 in Fire Magic
   109 | D        | Reached skill level 1 in Poison Magic
   114 | D        | Killed a hellion
   115 | D        | Killed a hellion
   115 | D        | Killed a hellion
   131 | D        | Gained mutation: You have an increased reservoir of magic. (+10% MP) [potion of mutation]
   131 | D        | Gained mutation: You are clumsy. (Dex -2) [potion of mutation]
   131 | D        | Gained mutation: You are robust. (+10% HP) [potion of mutation]
   131 | D        | Gained mutation: Your spells are a little harder to cast, but a little more powerful. [potion of mutation]
   148 | D        | Noticed a water elemental
   151 | D        | Killed a water elemental
   151 | D        | Reached XP level 4. HP: 27/46 MP: 3/7
   166 | D        | Killed a white draconian scorcher
   174 | D        | Killed a white draconian scorcher
   190 | D        | Found a glowing silver altar of Zin.
   190 | D        | Found a glowing golden altar of the Shining One.
   190 | D        | Found a white marble altar of Elyvilon.
   190 | D        | Noticed a deep elf mage
   207 | D        | Killed a deep elf mage
   207 | D        | Reached skill level 5 in Fighting
   207 | D        | Reached skill level 10 in Unarmed Combat
   207 | D        | Reached XP level 5. HP: 49/64 MP: 2/8
   207 | D        | Reached XP level 6. HP: 56/73 MP: 2/9
   207 | D        | Reached XP level 7. HP: 62/81 MP: 2/11
   218 | D        | Killed a hellion
   219 | D        | Learned a level 2 spell: Blink
   280 | D        | Noticed a shadow
   295 | D        | Killed a shadow
   295 | D        | Reached skill level 1 in Translocations
   304 | D        | Found a blossoming altar of Fedhas.
   304 | D        | Found a stormy altar of Qazlal.
   304 | D        | Found a snail-covered altar of Cheibriados.
   304 | D        | Found a burning altar of Makhleb.
   304 | D        | Found a shimmering altar of Xom.
   305 | D        | Found a hazy altar of Hepliaklqana.
   305 | D        | Found an opulent altar of Gozag.
   305 | D        | Found a sparkling altar of Nemelex Xobeh.
   305 | D        | Found a corrupted altar of Lugonu.
   305 | D        | Found a viscous altar of Jiyva.
   305 | D        | Noticed a spatial vortex
   311 | D        | Became a worshipper of Gozag Ym Sagoz the Greedy
   313 | D        | Killed a spatial vortex
   348 | D        | Found a shadowy altar of Dithmenos.
   357 | D        | Found a basalt altar of Yredelemnul.
   357 | D        | Found a sacrificial altar of Ru.
   365 | D        | Found a hide-covered altar of Uskayaw.
   365 | D        | Found an iron altar of Okawaru.
   366 | D        | Found a roughly hewn altar of Beogh.
   366 | D        | Found a bloodstained altar of Trog.
   366 | D        | Found an ornate altar of the Wu Jian Council.
   366 | D        | Noticed a human
   368 | D        | Noticed a human
   378 | D        | Killed a human
   378 | D        | Reached XP level 8. HP: 75/90 MP: 10/13
   393 | D        | Found a radiant altar of Vehumet.
   393 | D        | Found a deep blue altar of Sif Muna.
   393 | D        | Found an ancient bone altar of Kikubaaqudgha.
   395 | D        | Killed a hellion
   426 | D        | Learned a level 1 spell: Confusing Touch
   428 | D        | Learned a level 1 spell: Apportation
   449 | D        | Noticed Snorg
   499 | D        | Killed Snorg
   499 | D        | Reached skill level 11 in Unarmed Combat
   499 | D        | Reached skill level 5 in Conjurations
   556 | D        | Reached XP level 9. HP: 54/96 MP: 11/16
   578 | D        | Reached skill level 12 in Unarmed Combat
   597 | D        | Found Qaetathro's Gadget Boutique.
   689 | D        | Bought spiked ice dragon scales for 1755 gold pieces
   699 | D        | Identified the +11 ice dragon scales "Juilaafaif" {*Drain rElec rF- rC++ Int+3} (You bought it in a shop in the Dungeon)
   703 | D        | Noticed a deep elf mage
   703 | D        | Noticed a deep elf knight
   703 | D        | Noticed a deep elf mage
   703 | D        | Noticed a deep elf mage
   703 | D        | Noticed a deep elf mage
   716 | D        | Killed a deep elf knight
   716 | D        | Reached skill level 5 in Spellcasting
   727 | D        | Killed a deep elf mage
   727 | D        | Reached skill level 5 in Armour
   728 | D        | Killed a deep elf mage
   735 | D        | Noticed a sun demon
   739 | D        | Slain by a sun demon

Skill      XL: |  1  2  3  4  5  6  7  8  9 |
---------------+----------------------------+-----
Fighting       | 1 5 |  5.9
Unarmed Combat | 3 5 10 11 12 | 12.4
Conjurations   | 2 3 5 |  5.1
Fire Magic     | 2 3 |  3.8
Poison Magic   | 2 3 |  3.7
Air Magic      | 2 3 |  3.3
Dodging        | 3 |  3.5
Spellcasting   | 3 4 6 |  6.5
Translocations | 2 |  2.9
Hexes          | 2 |  2.7
Armour         | 5 |  5.8
Stealth        | |  1.0
Summonings     | |  0.6

Action                   |  1- 3 |  4- 6 |  7- 9 || total
-------------------------+-------+-------+-------++-------
Melee: Unarmed           |    40 |     8 |   113 ||   161
       Punch             |       |       |     2 ||     2
 Cast: Conjure Flame     |     1 |       |     1 ||     2
       Mephitic Cloud    |       |     2 |     8 ||    10
Invok: Call Merchant     |       |       |     4 ||     4
  Use: Potion            |     1 |       |     1 ||     2
 Stab: Confused          |       |       |     6 ||     6
  Eat: Chunk             |     3 |       |     3 ||     6
Armor: Robe              |    11 |       |     9 ||    20
       Ice dragon scales |       |       |    17 ||    17
Dodge: Dodged            |    11 |     2 |    30 ||    43
